MID
CHARLESTON RIVERDOGS @ HICKORY CRAWDADS
04/22/2048
 
TOP OF THE 1ST
Charleston RiverDogs batting - Pitching for Hickory Crawdads : LHP Mike Tracy
Pitching: LHP Mike Tracy
Batting: RHB Jonathan Iniguez 0-0: Ball
1-0: Fly out, F4 (Popup, 34, EV 66.2 MPH)
Batting: SHB Corey Penson 0-0: Called Strike
0-1: Ball
1-1: Called Strike
1-2: Ball
2-2: Ball
3-2: Strikes out swinging
Batting: RHB Iften Olujimi 0-0: SINGLE (Groundball, 25, EV 63.1 MPH) (infield hit)
Batting: RHB Francisco Vargas 0-0: Swinging Strike
0-1: Fly out, F8 (Flyball, 8RD, EV 106.2 MPH)
Top of the 1st over - 0 runs, 1 hit, 0 errors, 1 left on base; Charleston 0 - Hickory 0
BOTTOM OF THE 1ST
Hickory Crawdads batting - Pitching for Charleston RiverDogs : RHP Bill Setzer
Pitching: RHP Bill Setzer
Batting: RHB Aaron Moore 0-0: Ball
1-0: Ground out 6-3 (Groundball, 6, EV 85.0 MPH)
Batting: LHB Brian Gray 0-0: Called Strike
0-1: Ball
1-1: Ball
2-1: SINGLE (Groundball, 6MS, EV 76.2 MPH) (infield hit)
Batting: RHB Matthew Starr 0-0: 2-RUN HOME RUN (Flyball, 7D, EV 96.2 MPH), Distance : 387 ft
Batting: SHB Quido van Erp 0-0: Ball
1-0: Ball
2-0: Ball
3-0: Base on Balls
Batting: RHB Jarrod Joyce 0-0: Ball
1-0: Called Strike
1-1: Fly out, F8 (Flyball, 8RS, EV 85.0 MPH)
Batting: RHB Victor Moya 0-0: Ground out 1-3 (Groundball, P, EV 62.5 MPH)
Bottom of the 1st over - 2 runs, 2 hits, 0 errors, 1 left on base; Charleston 0 - Hickory 2
TOP OF THE 2ND
Charleston RiverDogs batting - Pitching for Hickory Crawdads : LHP Mike Tracy
Batting: RHB Mike Zern 0-0: Ball
1-0: Called Strike
1-1: Called Strike
1-2: Ground out 6-3 (Groundball, 6, EV 89.4 MPH)
Batting: LHB Steve LeGrand 0-0: Called Strike
0-1: Foul Ball, location: 2F
0-2: Ground out 4-3 (Groundball, 4D, EV 103.8 MPH)
Batting: LHB Marc Durgin 0-0: Ground out 5-3 (Groundball, 56D, EV 76.2 MPH)
Top of the 2nd over - 0 runs, 0 hits, 0 errors, 0 left on base; Charleston 0 - Hickory 2
BOTTOM OF THE 2ND
Hickory Crawdads batting - Pitching for Charleston RiverDogs : RHP Bill Setzer
Batting: RHB Salvador Caldera 0-0: Foul Ball, location: 2F
0-1: Fly out, F7 (Flyball, 7LS, EV 93.1 MPH)
Batting: RHB Zach Koblinski 0-0: Called Strike
0-1: Foul Ball, location: 2F
0-2: SINGLE (Groundball, 25, EV 75.6 MPH) (infield hit)
Batting: RHB Dave Brabo 0-0: Ball
1-0: Called Strike
1-1: Fly out, F9 (Flyball, 9D, EV 103.1 MPH)
Batting: RHB Aaron Moore 0-0: Ball
1-0: Called Strike
1-1: Fly out, F8 (Flyball, 78S, EV 91.9 MPH)
Bottom of the 2nd over - 0 runs, 1 hit, 0 errors, 1 left on base; Charleston 0 - Hickory 2
TOP OF THE 3RD
Charleston RiverDogs batting - Pitching for Hickory Crawdads : LHP Mike Tracy
Batting: RHB Matt Alderson 0-0: Ball
1-0: Ball
2-0: Ball
3-0: Base on Balls
Batting: RHB Louwe Starmans 0-0: Called Strike
0-1: Ball
1-1: Foul Ball, location: 2F
1-2: Ball
2-2: Strikes out swinging
Batting: RHB Jonathan Iniguez 0-0: Grounds into double play, 6-4-3 (Groundball, 6M, EV 88.8 MPH)
Top of the 3rd over - 0 runs, 0 hits, 0 errors, 0 left on base; Charleston 0 - Hickory 2
BOTTOM OF THE 3RD
Hickory Crawdads batting - Pitching for Charleston RiverDogs : RHP Bill Setzer
Batting: LHB Brian Gray 0-0: Called Strike
0-1: Foul Ball, location: 2F
0-2: Ball
1-2: Ball
2-2: Ball
3-2: Foul Ball, location: 2F
3-2: Foul Ball, location: 2F
3-2: Strikes out swinging
Batting: RHB Matthew Starr 0-0: Ball
1-0: Called Strike
1-1: Fly out, F8 (Flyball, 8RS, EV 83.1 MPH)
Batting: SHB Quido van Erp 0-0: Ball
1-0: Foul Ball, location: 2F
1-1: Ball
2-1: Ball
3-1: Called Strike
3-2: Strikes out swinging
Bottom of the 3rd over - 0 runs, 0 hits, 0 errors, 0 left on base; Charleston 0 - Hickory 2
TOP OF THE 4TH
Charleston RiverDogs batting - Pitching for Hickory Crawdads : LHP Mike Tracy
Batting: SHB Corey Penson 0-0: Ball
1-0: Ball
2-0: Ground out U3 (Groundball, 3L, EV 86.9 MPH)
Batting: RHB Iften Olujimi 0-0: Ball
1-0: Swinging Strike
1-1: Swinging Strike
1-2: Strikes out swinging
Batting: RHB Francisco Vargas 0-0: Swinging Strike
0-1: Ball
1-1: Fly out, F8 (Line Drive, 78M, EV 94.4 MPH)
Top of the 4th over - 0 runs, 0 hits, 0 errors, 0 left on base; Charleston 0 - Hickory 2
BOTTOM OF THE 4TH
Hickory Crawdads batting - Pitching for Charleston RiverDogs : RHP Bill Setzer
Batting: RHB Jarrod Joyce 0-0: Ball
1-0: Ground out 5-3 (Groundball, 5, EV 88.1 MPH)
Batting: RHB Victor Moya 0-0: Ball
1-0: Ball
2-0: Foul Ball, location: 2F
2-1: Fly out, F9 (Flyball, 89D, EV 101.2 MPH)
Batting: RHB Salvador Caldera 0-0: Called Strike
0-1: Ball
1-1: Swinging Strike
1-2: Ball
2-2: Foul Ball, location: 2F
2-2: Strikes out swinging
Bottom of the 4th over - 0 runs, 0 hits, 0 errors, 0 left on base; Charleston 0 - Hickory 2
TOP OF THE 5TH
Charleston RiverDogs batting - Pitching for Hickory Crawdads : LHP Mike Tracy
Batting: RHB Mike Zern 0-0: Ball
1-0: Called Strike
1-1: Ball
2-1: Ball
3-1: SINGLE (Groundball, 6MD, EV 100.0 MPH)
Batting: LHB Steve LeGrand 0-0: Swinging Strike
0-1: SINGLE (Line Drive, 89S, EV 87.5 MPH)
Mike Zern to second
Runner from 2nd tries for 3rd, SAFE, no throw by RF
Batting: LHB Marc Durgin 0-0: Ball
1-0: Ball
2-0: Foul Ball, location: 2F
2-1: Foul Ball, location: 2F
2-2: Ball
3-2: Reached on error, E1 (Groundball, 25, EV 64.4 MPH)
Mike Zern scores
Steve LeGrand to second
Batting: RHB Matt Alderson 0-0: Ball
1-0: Fly out, F7 (Flyball, 7, EV 86.9 MPH)
Batting: RHB Louwe Starmans 0-0: Ball
1-0: Swinging Strike
1-1: Fly out, F7 (Flyball, 78D, EV 107.5 MPH)
Batting: RHB Jonathan Iniguez 0-0: Called Strike
0-1: Fielders Choice at 2nd, 6-4 (Groundball, 6, EV 85.0 MPH)
Top of the 5th over - 1 run, 2 hits, 1 error, 2 left on base; Charleston 1 - Hickory 2
BOTTOM OF THE 5TH
Hickory Crawdads batting - Pitching for Charleston RiverDogs : RHP Bill Setzer
Batting: RHB Zach Koblinski 0-0: Foul Ball, location: 2F
0-1: Ball
1-1: Ball
2-1: Foul Ball, location: 2F
2-2: Strikes out swinging
Batting: RHB Dave Brabo 0-0: Swinging Strike
0-1: Foul Ball, location: 2F
0-2: Ball
1-2: Foul Ball, location: 2F
1-2: SINGLE (Groundball, 4M, EV 97.5 MPH) (infield hit)
Batting: RHB Aaron Moore 0-0: Ball
Passed Ball!
Dave Brabo to second
1-0: Called Strike
1-1: Fly out, F8 (Flyball, 78D, EV 96.2 MPH)
Batting: LHB Brian Gray 0-0: Called Strike
0-1: Ball
1-1: Foul Ball, location: 2F
1-2: Ball
2-2: Ball
3-2: Base on Balls
Batting: RHB Matthew Starr 0-0: Ball
1-0: Foul Ball, location: 2F
1-1: Ball
2-1: Foul Ball, location: 2F
2-2: Ball
3-2: SINGLE (Flyball, 3D, EV 90.0 MPH)
Dave Brabo to third
Brian Gray to second
Dave Brabo scores
Brian Gray to third
Pitching: LHP Alex Pulido
Batting: SHB Quido van Erp 0-0: Swinging Strike
0-1: Fly out, F7 (Flyball, 7, EV 78.1 MPH)
Bottom of the 5th over - 1 run, 2 hits, 0 errors, 2 left on base; Charleston 1 - Hickory 3
TOP OF THE 6TH
Charleston RiverDogs batting - Pitching for Hickory Crawdads : LHP Mike Tracy
Batting: SHB Corey Penson 0-0: Called Strike
0-1: Foul Ball, location: 2F
0-2: Ball
1-2: Ball
2-2: Foul Ball, location: 2F
2-2: Ground out 6-3 (Groundball, 6MD, EV 105.0 MPH)
Batting: RHB Iften Olujimi 0-0: Ball
1-0: Called Strike
1-1: Ball
2-1: Swinging Strike
2-2: Ground out 6-3 (Groundball, 56D, EV 80.0 MPH)
Batting: RHB Francisco Vargas 0-0: Foul Ball, location: 2F
0-1: Ball
1-1: Fly out, F7 (Flyball, 7, EV 91.2 MPH)
Top of the 6th over - 0 runs, 0 hits, 0 errors, 0 left on base; Charleston 1 - Hickory 3
BOTTOM OF THE 6TH
Hickory Crawdads batting - Pitching for Charleston RiverDogs : LHP Alex Pulido
Batting: RHB Jarrod Joyce 0-0: DOUBLE (Flyball, 8LXD, EV 97.5 MPH)
Batting: RHB Victor Moya 0-0: Ball
1-0: Ball
2-0: Called Strike
2-1: Fly out, F9 (Flyball, 89S, EV 80.0 MPH)
Batting: RHB Salvador Caldera 0-0: Intentional Walk
Batting: RHB Zach Koblinski 0-0: Ball
1-0: SINGLE (Groundball, 4MD, EV 105.0 MPH)
Jarrod Joyce to third
Salvador Caldera to second
Runner from 3rd tries for Home, SAFE, throw by CF to home
Salvador Caldera to third
Zach Koblinski to second
Batting: RHB Dave Brabo 0-0: Ball
1-0: Ball
2-0: SINGLE (Groundball, 34, EV 105.6 MPH)
Salvador Caldera scores
Zach Koblinski to third
Runner from 3rd tries for Home, SAFE, throw by RF to home
Pitching: LHP Cory Musial
Batting: RHB Aaron Moore 0-0: Foul Ball, location: 2F
0-1: Foul Ball, location: 2F
0-2: Fly out, F7 (Flyball, 7D, EV 99.4 MPH)
Batting: LHB Brian Gray 0-0: Ball
1-0: Called Strike
Dave Brabo is caught stealing 2nd base 2-6
Bottom of the 6th over - 3 runs, 3 hits, 0 errors, 0 left on base; Charleston 1 - Hickory 6
TOP OF THE 7TH
Charleston RiverDogs batting - Pitching for Hickory Crawdads : LHP Mike Tracy
Batting: RHB Mike Zern 0-0: Ball
1-0: Called Strike
1-1: Called Strike
1-2: Ground out 4-3 (Groundball, 4, EV 99.4 MPH)
Batting: LHB Steve LeGrand 0-0: Foul Ball, location: 2F
0-1: Called Strike
0-2: Fly out, F7 (Flyball, 7, EV 78.8 MPH)
Batting: LHB Marc Durgin 0-0: Called Strike
0-1: Foul Ball, location: 2F
0-2: Strikes out swinging, 2-3 out at first.
Top of the 7th over - 0 runs, 0 hits, 0 errors, 0 left on base; Charleston 1 - Hickory 6
BOTTOM OF THE 7TH
Hickory Crawdads batting - Pitching for Charleston RiverDogs : LHP Cory Musial
Batting: LHB Brian Gray 0-0: Ball
1-0: Foul Ball, location: 2F
1-1: Swinging Strike
1-2: Foul Ball, location: 2F
1-2: Foul Ball, location: 2F
1-2: Foul Ball, location: 2F
1-2: Foul Ball, location: 2F
1-2: Ground out U3 (Groundball, 3L, EV 79.4 MPH)
Batting: RHB Matthew Starr 0-0: Ball
1-0: Ball
2-0: Called Strike
2-1: Swinging Strike
2-2: Ball
3-2: SOLO HOME RUN (Flyball, 7LD, EV 93.8 MPH), Distance : 352 ft
Batting: SHB Quido van Erp 0-0: Ball
1-0: Ball
2-0: SINGLE (Line Drive, 34D, EV 98.1 MPH)
Batting: RHB Jarrod Joyce 0-0: Called Strike
Quido van Erp steals 2nd base
0-1: Ball
1-1: Ball
2-1: Ball
3-1: Called Strike
3-2: Fly out, F4 (Popup, 13, EV 73.1 MPH)
Batting: RHB Victor Moya 0-0: Called Strike
0-1: Ball
1-1: Swinging Strike
1-2: Foul Ball, location: 2F
1-2: Ball
2-2: Ball
3-2: Strikes out swinging
Bottom of the 7th over - 1 run, 2 hits, 0 errors, 1 left on base; Charleston 1 - Hickory 7
TOP OF THE 8TH
Charleston RiverDogs batting - Pitching for Hickory Crawdads : LHP Mike Tracy
Batting: RHB Matt Alderson 0-0: Ball
1-0: Swinging Strike
1-1: Called Strike
1-2: Strikes out swinging
Batting: RHB Louwe Starmans 0-0: Called Strike
0-1: Swinging Strike
0-2: Ball
1-2: Ball
2-2: Foul Ball, location: 2F
2-2: Foul Ball, location: 2F
2-2: Ball
3-2: Foul Ball, location: 2F
3-2: DOUBLE (Flyball, 8LXD, EV 105.0 MPH)
Batting: RHB Jonathan Iniguez 0-0: Swinging Strike
0-1: Called Strike
0-2: Strikes out swinging
Batting: SHB Corey Penson 0-0: Called Strike
0-1: Ball
1-1: Ground out 4-3 (Groundball, 4, EV 90.6 MPH)
Top of the 8th over - 0 runs, 1 hit, 0 errors, 1 left on base; Charleston 1 - Hickory 7
BOTTOM OF THE 8TH
Hickory Crawdads batting - Pitching for Charleston RiverDogs : LHP Cory Musial
Pitching: RHP Mike Pickens
Batting: RHB Salvador Caldera 0-0: Swinging Strike
0-1: Swinging Strike
0-2: Ball
1-2: Ball
2-2: Ball
3-2: DOUBLE (Line Drive, 9LS, EV 106.2 MPH)
Batting: RHB Zach Koblinski 0-0: Ball
1-0: Foul Ball, location: 2F
1-1: Swinging Strike
1-2: SINGLE (Groundball, 6MD, EV 106.2 MPH)
Salvador Caldera to third
Runner from 3rd tries for Home, SAFE, throw by CF to home
Batting: RHB Dave Brabo 0-0: Called Strike
0-1: Ball
1-1: Ball
Zach Koblinski steals 2nd base
2-1: Ball
3-1: Called Strike
3-2: Foul Ball, location: 2F
3-2: Foul Ball, location: 2F
3-2: Base on Balls
Batting: RHB Aaron Moore 0-0: Ball
1-0: SINGLE (Groundball, 56D, EV 108.8 MPH)
Zach Koblinski to third
Dave Brabo to second
Batting: LHB Brian Gray 0-0: Swinging Strike
0-1: Ball
1-1: Ball
2-1: Ball
3-1: Base on Balls
Zach Koblinski scores
Dave Brabo to third
Aaron Moore to second
Pitching: RHP Khayyat bin Faruq
Batting: RHB Matthew Starr 0-0: Ball
1-0: Ball
2-0: Called Strike
2-1: Ball
3-1: Base on Balls
Dave Brabo scores
Aaron Moore to third
Brian Gray to second
Batting: SHB Quido van Erp 0-0: Called Strike
0-1: Swinging Strike
0-2: Ball
1-2: Ball
2-2: Foul Ball, location: 2F
2-2: Fielders Choice at 2nd, 3-6 (Groundball, 3, EV 80.6 MPH)
Aaron Moore scores
Brian Gray to third
Batting: RHB Jarrod Joyce 0-0: Called Strike
0-1: Swinging Strike
0-2: Foul Ball, location: 2F
0-2: Foul Ball, location: 2F
0-2: Ball
1-2: Strikes out swinging
Batting: RHB Victor Moya 0-0: SINGLE (Line Drive, 4M, EV 101.9 MPH)
Brian Gray scores
Quido van Erp to second
Batting: RHB Salvador Caldera 0-0: Fly out, F7 (Flyball, 7, EV 88.1 MPH)
Bottom of the 8th over - 5 runs, 4 hits, 0 errors, 2 left on base; Charleston 1 - Hickory 12
TOP OF THE 9TH
Charleston RiverDogs batting - Pitching for Hickory Crawdads : LHP Mike Tracy
Pitching: LHP Skylar Adams
Batting: RHB Iften Olujimi 0-0: Ball
1-0: Fly out, F8 (Flyball, 8RD, EV 91.2 MPH)
Pinch Hitting: LHB Joe Vida 0-0: Ball
1-0: Ball
2-0: Ball
3-0: Called Strike
3-1: Foul Ball, location: 2F
3-2: Strikes out swinging
Batting: RHB Mike Zern 0-0: Swinging Strike
0-1: Ball
1-1: Ball
2-1: SINGLE (Groundball, 56D, EV 95.6 MPH)
Pinch Hitting: RHB Graham Murphy 0-0: Ball
1-0: Foul Ball, location: 2F
1-1: Swinging Strike
1-2: Ball
2-2: Strikes out swinging
Top of the 9th over - 0 runs, 1 hit, 0 errors, 1 left on base; Charleston 1 - Hickory 12
Tuesday, March 28th , 2023 - OOTP Baseball 23.10 Build 110